 Dungeon Crawl Stone Soup version 0.19-a0-599-g723c685 (webtiles) character file.

219 Kidiri the Magician (level 5, -1/28 HPs)
             Began as a Deep Elf Fire Elementalist on June 11, 2016.
             Slain by a gnoll
             ... wielding a +0 halberd
              (11 damage)
             ... on level 3 of the Dungeon.
             The game lasted 00:08:57 (2708 turns).

Kidiri the Magician (Deep Elf Fire Elementalist)    Turns: 2708, Time: 00:08:58

Health: -1/28      AC:  2    Str:  5    XL:     5   Next: 63%
Magic:  2/14       EV: 13    Int: 21    God:
Gold:   146        SH:  0    Dex: 15    Spells: 5 memorised, 3 levels left

rFire  . . .     SeeInvis .     h - +0 short sword
rCold  . . .     Gourm    .     a - +0 robe
rNeg   . . .     Faith    .     (no shield)
rPois  .         Spirit   .     (no helmet)
rElec  .         Dismiss  .     (no cloak)
rCorr  .         Reflect  .     (no gloves)
SustAt .         Harm     .     (no boots)
MR     .....                    (no amulet)
Stlth  ++........               (no ring)
                                (no ring)

@: very slightly contaminated, not resistant to hostile enchantments, unstealthy
A: no striking features
a: no special abilities


You were on level 3 of the Dungeon.
You were not hungry.

You visited 1 branch of the dungeon, and saw 3 of its levels.

You collected 146 gold pieces.

Inventory:

Hand Weapons
 h - a +0 short sword (weapon)
Armour
 a - a +0 robe (worn)
 g - a +0 shield
Wands
 o - a wand of polymorph (7/24)
Scrolls
 e - 2 scrolls of magic mapping {unknown}
 k - a scroll of amnesia {unknown}
 n - 3 scrolls of remove curse {unknown}
 r - 2 scrolls of fear {unknown}
 s - 2 scrolls of identify {unknown}
 u - 2 scrolls of recharging {unknown}
Potions
 d - a potion of brilliance {unknown}
 f - 3 potions of cure mutation {unknown}
 i - 2 potions of might {unknown}
 l - 3 potions of curing {unknown}
 m - a potion of flight {unknown}
 q - 2 potions of agility {unknown}
 v - a potion of invisibility {unknown}
Books
 b - a book of Flames

   Spells                             Type                      Level
   a - Flame Tongue                   Conjuration/Fire             1
   b - Throw Flame                    Conjuration/Fire             2
   c - Conjure Flame                  Conjuration/Fire             3
   d - Inner Flame                    Hexes/Fire                   3
   e - Sticky Flame                   Conjuration/Fire             4
   f - Fireball                       Conjuration/Fire             5
 w - a book of Air

   Spells                             Type                      Level
   a - Shock                          Conjuration/Air              1
   b - Swiftness                      Charms/Air                   2
   c - Repel Missiles                 Charms/Air                   2
   d - Static Discharge               Conjuration/Air              3
   e - Lightning Bolt                 Conjuration/Air              5
Comestibles
 c - 4 bread rations
 j - 5 beef jerkies
 t - a meat ration


   Skills:
 - Level 2.4 Dodging
 - Level 2.4 Stealth
 * Level 5.0 Spellcasting
 * Level 3.6 Conjurations
 * Level 4.7 Fire Magic
 * Level 1.1 Air Magic


You had 3 spell levels left.
You knew the following spells:

 Your Spells              Type           Power        Failure   Level  Hunger
a - Flame Tongue          Conj/Fire      ###..        1%          1    None
b - Throw Flame           Conj/Fire      ###...       3%          2    None
c - Conjure Flame         Conj/Fire      ###.....     10%         3    ##.....
d - Inner Flame           Hex/Fire       ###.....     14%         3    ##.....
e - Repel Missiles        Chrm/Air       #.....       14%         2    None


Dungeon Overview and Level Annotations

Branches:
Dungeon (3/15)

Altars:
Dithmenos
Fedhas
Kikubaaqudgha
Sif Muna

Annotations:
D:3 exclusion: 2 doors, Sigmund


Message History

Casting: Flame Tongue
Confirm with . or Enter, or press ? or * to list all spells.
Aiming: Flame Tongue
Press: ? - help, Shift-Dir - straight line, f - gnoll
Aim: a gnoll, wielding a halberd The flame tongue hits the gnoll.
The gnoll is lightly wounded.
Casting: Flame Tongue
Confirm with . or Enter, or press ? or * to list all spells.
Aiming: Flame Tongue
Press: ? - help, Shift-Dir - straight line, f/p - gnoll
Aim: a gnoll, wielding a halberd (lightly wounded)
You miscast Flame Tongue.
You are very lightly contaminated with residual magic.
You feel uncomfortably hot.
The gnoll hits you from afar with a halberd!
Things that are here:
a falchion; a gnoll corpse The gnoll hits you from afar with a halberd!
You die...

#...............#.# #. ##
##.####..###.###.#.# #.
#...........# #.###.#.###.
#.###.####..# #........... #.#
#.# #..# #####.#..##.
#.###.####..##### #.#..##.
#.##..........((###.#..##.
#######.##..####..##..(##.......
...............@)()()(..........
.###.##.########.(##...#..##.###
........# #g.#.......##.# #
..8..#..########..).......##.###
#..( #............#.....#.##.#..
### #..########..##...##.##....
#..# #..###.###.####.. #..#
#.......##.# #.. ...#
#.#####.##.# #..


You could see a gnoll.

Vanquished Creatures
  A gnoll sergeant (D:3)
  7 gnolls
  3 adders
  An ooze (D:3)
  A dart slug (D:1)
  2 orcs (D:3)
  6 bats
  2 giant cockroaches
  4 goblins
  8 hobgoblins
  2 jackals (D:1)
  9 kobolds
  2 quokkas (D:2)
  4 giant newts
  3 rats
55 creatures vanquished.

Notes
Turn   | Place    | Note
--------------------------------------------------------------
     0 | D:1      | Kidiri the Deep Elf Fire Elementalist began the quest for the Orb.
     0 | D:1      | Reached XP level 1. HP: 10/10 MP: 6/6
   267 | D:1      | Reached XP level 2. HP: 15/15 MP: 4/8
   271 | D:1      | Learned a level 2 spell: Throw Flame
   753 | D:1      | Reached XP level 3. HP: 19/19 MP: 7/10
   758 | D:1      | Learned a level 3 spell: Conjure Flame
   762 | D:1      | Learned a level 3 spell: Inner Flame
   946 | D:2      | Reached skill level 4 in Spellcasting
  1250 | D:2      | Reached XP level 4. HP: 24/24 MP: 9/12
  2208 | D:3      | Learned a level 2 spell: Repel Missiles
  2485 | D:3      | Found a blossoming altar of Fedhas.
  2486 | D:3      | Found a deep blue altar of Sif Muna.
  2486 | D:3      | Found an ancient bone altar of Kikubaaqudgha.
  2486 | D:3      | Found a shadowy altar of Dithmenos.
  2486 | D:3      | Noticed Sigmund
  2499 | D:3      | Noticed a gnoll sergeant
  2576 | D:3      | Reached XP level 5. HP: 17/28 MP: 0/13
  2678 | D:3      | Reached skill level 1 in Air Magic
  2684 | D:3      | Reached skill level 5 in Spellcasting
  2708 | D:3      | Slain by a gnoll

Vault maps used:
D:1:      minmay_arrival_shattered_statue, grunt_decor_mini_mirrors
D:3:      minmay_overflow_temple_hex, first_bread, mrwooster_statue_mirror,
          uniq_grinder, uniq_sigmund

Skill      XL: |  1  2  3  4  5 |
---------------+----------------+-----
Conjurations   | 2 3 |  3.6
Fire Magic     | 4 |  4.7
Spellcasting   | 4 5 |  5.0
Air Magic      | 1 |  1.1
Dodging        | |  2.4
Stealth        | |  2.4

Action                   |  1- 3 |  4- 6 || total
-------------------------+-------+-------++-------
Melee: Unarmed           |    19 |       ||    19
       Short sword       |     4 |     7 ||    11
 Cast: Flame Tongue      |    35 |    44 ||    79
       Throw Flame       |    13 |    23 ||    36
       Conjure Flame     |       |     2 ||     2
       Inner Flame       |       |     1 ||     1
 Stab: Sleeping          |       |     2 ||     2
  Eat: Chunk             |     1 |     5 ||     6
Armor: Robe              |     3 |     2 ||     5
Dodge: Dodged            |    15 |    17 ||    32
